TOP OF THE 1ST |
Beloit Snappers batting - Pitching for Lake County Captains : RHP En-guo Tsu
|
Pitching: RHP En-guo Tsu
|
|
Batting: SHB Robert Santiago
|
0-0: Fly out, F8 (Line Drive, 8RD, EV 94.4 MPH)
|
Batting: LHB Angel Sanchez
|
0-0: Ball 1-0: Foul Ball, location: 2F 1-1: Called Strike 1-2: Ball 2-2: Ground out 4-3 (Groundball, 4, EV 85.0 MPH)
|
Batting: RHB Tim Cordle
|
0-0: Foul Ball, location: 2F 0-1: Ball 1-1: Ball 2-1: Foul Ball, location: 2F 2-2: Ball 3-2: Ground out 6-3 (Groundball, 6, EV 82.5 MPH)
|
Top of the 1st over - 0 runs, 0 hits, 0 errors, 0 left on base; Beloit 0 - Lake County 0 |
BOTTOM OF THE 1ST |
Lake County Captains batting - Pitching for Beloit Snappers : LHP Shane Stratton
|
Pitching: LHP Shane Stratton
|
|
Batting: RHB Kenzo Shinoda
|
0-0: Foul Ball, location: 2F 0-1: Ball 1-1: Swinging Strike 1-2: Foul Ball, location: 2F 1-2: Strikes out swinging
|
Batting: RHB Jeremy Givens
|
0-0: Ball 1-0: Foul Ball, location: 2F 1-1: Ball 2-1: SINGLE (Groundball, 25, EV 67.5 MPH) (infield hit)
|
Batting: LHB Alberto Chavez
|
0-0: Ball 1-0: Foul Ball, location: 2F 1-1: Ball 2-1: Foul Ball, location: 2F 2-2: Strikes out swinging
|
Batting: LHB Danny Moreno
|
0-0: Called Strike 0-1: Called Strike 0-2: Ball 1-2: Foul Ball, location: 2F 1-2: Foul Ball, location: 2F 1-2: Foul Ball, location: 2F 1-2: Ball 2-2: Strikes out swinging
|
Bottom of the 1st over - 0 runs, 1 hit, 0 errors, 1 left on base; Beloit 0 - Lake County 0 |
TOP OF THE 2ND |
Beloit Snappers batting - Pitching for Lake County Captains : RHP En-guo Tsu
|
Batting: LHB Henry Hutson
|
0-0: Ground out U3 (Groundball, 3, EV 108.8 MPH)
|
Batting: RHB Casey Nicita
|
0-0: Foul Ball, location: 2F 0-1: Foul Ball, location: 2F 0-2: Ball 1-2: Strikes out swinging, 2-3 out at first.
|
Batting: RHB Josh Whaley
|
0-0: Foul Ball, location: 2F 0-1: Fly out, F8 (Flyball, 8LXD, EV 105.6 MPH)
|
Top of the 2nd over - 0 runs, 0 hits, 0 errors, 0 left on base; Beloit 0 - Lake County 0 |
BOTTOM OF THE 2ND |
Lake County Captains batting - Pitching for Beloit Snappers : LHP Shane Stratton
|
Batting: RHB Willie Gonzales
|
0-0: Ball 1-0: Called Strike 1-1: Ball 2-1: Ball 3-1: Foul Ball, location: 2F 3-2: Foul Ball, location: 2F 3-2: Strikes out swinging
|
Batting: LHB Devon Grant
|
0-0: DOUBLE (Flyball, 8LXD, EV 103.8 MPH)
|
Batting: RHB Ricky Cordova
|
0-0: Ball 1-0: Ball 2-0: Ball 3-0: Called Strike 3-1: Ground out 6-3 (Groundball, 6, EV 85.6 MPH) Devon Grant to third
|
Batting: LHB John Holst
|
0-0: Called Strike 0-1: Ball 1-1: Fly out, F8 (Flyball, 78S, EV 74.4 MPH)
|
Bottom of the 2nd over - 0 runs, 1 hit, 0 errors, 1 left on base; Beloit 0 - Lake County 0 |
TOP OF THE 3RD |
Beloit Snappers batting - Pitching for Lake County Captains : RHP En-guo Tsu
|
Batting: SHB Mike Jorgenson
|
0-0: Called Strike 0-1: Ball 1-1: Ball 2-1: Foul Ball, location: 2F 2-2: Reached on error, E4 (Groundball, 34D, EV 82.5 MPH)
|
Batting: RHB Todd Vanasco
|
0-0: Called Strike 0-1: Called Strike 0-2: Ball 1-2: Strikes out swinging Mike Jorgenson is caught stealing 2nd base 2-4 Batter strikes out.
|
Batting: RHB Hidetada Iba
|
0-0: Called Strike 0-1: Foul Ball, location: 2F 0-2: Ball 1-2: Strikes out swinging
|
Top of the 3rd over - 0 runs, 0 hits, 1 error, 0 left on base; Beloit 0 - Lake County 0 |
BOTTOM OF THE 3RD |
Lake County Captains batting - Pitching for Beloit Snappers : LHP Shane Stratton
|
Batting: RHB Anibal Casteles
|
0-0: Bunted foul 0-1: Ground out U3 (Groundball, 34, EV 86.9 MPH)
|
Batting: RHB Kenzo Shinoda
|
0-0: Ball 1-0: Foul Ball, location: 2F 1-1: Ball 2-1: Ground out U3 (Groundball, 34S, EV 86.2 MPH)
|
Batting: RHB Jeremy Givens
|
0-0: Fly out, F8 (Line Drive, 8RD, EV 88.8 MPH)
|
Bottom of the 3rd over - 0 runs, 0 hits, 0 errors, 0 left on base; Beloit 0 - Lake County 0 |
TOP OF THE 4TH |
Beloit Snappers batting - Pitching for Lake County Captains : RHP En-guo Tsu
|
Batting: SHB Robert Santiago
|
0-0: Ground out 4-3 (Groundball, 34, EV 86.2 MPH)
|
Batting: LHB Angel Sanchez
|
0-0: Called Strike 0-1: Foul Ball, location: 2F 0-2: Ball 1-2: SINGLE (Groundball, 6MD, EV 101.9 MPH)
|
Batting: RHB Tim Cordle
|
0-0: Called Strike 0-1: Foul Ball, location: 2F 0-2: Fly out, F8 (Line Drive, 78M, EV 110.0 MPH)
|
Batting: LHB Henry Hutson
|
0-0: Fly out, F8 (Flyball, 8RD, EV 105.6 MPH)
|
Top of the 4th over - 0 runs, 1 hit, 0 errors, 1 left on base; Beloit 0 - Lake County 0 |
BOTTOM OF THE 4TH |
Lake County Captains batting - Pitching for Beloit Snappers : LHP Shane Stratton
|
Batting: LHB Alberto Chavez
|
0-0: Ball 1-0: Fly out, F8 (Flyball, 78M, EV 88.8 MPH)
|
Batting: LHB Danny Moreno
|
0-0: Swinging Strike 0-1: Ball 1-1: Ball 2-1: Foul Ball, location: 2F 2-2: Strikes out swinging
|
Batting: RHB Willie Gonzales
|
0-0: Called Strike 0-1: Foul Ball, location: 2F 0-2: Strikes out swinging
|
Bottom of the 4th over - 0 runs, 0 hits, 0 errors, 0 left on base; Beloit 0 - Lake County 0 |
TOP OF THE 5TH |
Beloit Snappers batting - Pitching for Lake County Captains : RHP En-guo Tsu
|
Batting: RHB Casey Nicita
|
0-0: Ball 1-0: Foul Ball, location: 2F 1-1: Ball 2-1: Foul Ball, location: 2F 2-2: Foul Ball, location: 2F 2-2: Ground out 6-3 (Groundball, 6, EV 87.5 MPH)
|
Batting: RHB Josh Whaley
|
0-0: Foul Ball, location: 2F 0-1: Ball 1-1: Foul Ball, location: 2F 1-2: DOUBLE (Line Drive, 89D, EV 106.9 MPH)
|
Batting: SHB Mike Jorgenson
|
0-0: Ball 1-0: Foul Ball, location: 2F 1-1: Reached on error, E4 (Groundball, 4, EV 91.2 MPH) Josh Whaley to third
|
Batting: RHB Todd Vanasco
|
0-0: SINGLE (Groundball, 34D, EV 106.2 MPH) Josh Whaley scores Mike Jorgenson to second Runner from 2nd tries for 3rd, OUT! 9-5 Todd Vanasco to second
|
Batting: RHB Hidetada Iba
|
0-0: Called Strike 0-1: Swinging Strike 0-2: Foul Ball, location: 2F 0-2: Strikes out looking
|
Top of the 5th over - 1 run, 2 hits, 1 error, 1 left on base; Beloit 1 - Lake County 0 |
BOTTOM OF THE 5TH |
Lake County Captains batting - Pitching for Beloit Snappers : LHP Shane Stratton
|
Batting: LHB Devon Grant
|
0-0: Called Strike 0-1: Swinging Strike 0-2: Strikes out swinging
|
Batting: RHB Ricky Cordova
|
0-0: Fly out, F8 (Flyball, 89M, EV 91.9 MPH)
|
Batting: LHB John Holst
|
0-0: Ball 1-0: Foul Ball, location: 2F 1-1: Ball 2-1: Foul Ball, location: 2F 2-2: Strikes out swinging
|
Bottom of the 5th over - 0 runs, 0 hits, 0 errors, 0 left on base; Beloit 1 - Lake County 0 |
TOP OF THE 6TH |
Beloit Snappers batting - Pitching for Lake County Captains : RHP En-guo Tsu
|
Batting: SHB Robert Santiago
|
0-0: Called Strike 0-1: Ball 1-1: Swinging Strike 1-2: Ground out 4-3 (Groundball, 4D, EV 100.6 MPH)
|
Batting: LHB Angel Sanchez
|
0-0: Ball 1-0: Foul Ball, location: 2F 1-1: Ball 2-1: Swinging Strike 2-2: Ball 3-2: Strikes out looking
|
Batting: RHB Tim Cordle
|
0-0: Foul Ball, location: 2F 0-1: Ball 1-1: Foul Ball, location: 2F 1-2: Ball 2-2: Ground out 4-3 (Groundball, 4, EV 81.2 MPH)
|
Top of the 6th over - 0 runs, 0 hits, 0 errors, 0 left on base; Beloit 1 - Lake County 0 |
BOTTOM OF THE 6TH |
Lake County Captains batting - Pitching for Beloit Snappers : LHP Shane Stratton
|
Batting: RHB Anibal Casteles
|
0-0: Foul Ball, location: 2F 0-1: Swinging Strike 0-2: Strikes out swinging
|
Batting: RHB Kenzo Shinoda
|
0-0: Ball 1-0: SINGLE (Groundball, 25, EV 63.8 MPH) (infield hit)
|
Batting: RHB Jeremy Givens
|
0-0: Ball 1-0: Called Strike 1-1: Ball 2-1: Reached on error, E6 (Groundball, 6, EV 92.5 MPH) Kenzo Shinoda to second
|
Batting: LHB Alberto Chavez
|
0-0: Ball 1-0: Ball 2-0: Called Strike 2-1: Fielders Choice at 2nd, 4-6 (Groundball, 4, EV 85.6 MPH) Kenzo Shinoda to third
|
Batting: LHB Danny Moreno
|
0-0: Ball 1-0: Called Strike 1-1: Fly out, F8 (Flyball, 8RS, EV 94.4 MPH)
|
Bottom of the 6th over - 0 runs, 1 hit, 1 error, 2 left on base; Beloit 1 - Lake County 0 |
TOP OF THE 7TH |
Beloit Snappers batting - Pitching for Lake County Captains : RHP En-guo Tsu
|
Batting: LHB Henry Hutson
|
0-0: Ball 1-0: Reached on error, E6 (Groundball, 6MS, EV 73.1 MPH)
|
Batting: RHB Casey Nicita
|
0-0: Ball 1-0: Ball 2-0: Called Strike 2-1: Ball 3-1: Fly out, F8 (Line Drive, 8LD, EV 103.1 MPH)
|
Batting: RHB Josh Whaley
|
0-0: Ball Henry Hutson is caught stealing 2nd base 2-4 1-0: Swinging Strike 1-1: Swinging Strike 1-2: Ground out 5-3 (Groundball, 5S, EV 63.8 MPH)
|
Top of the 7th over - 0 runs, 0 hits, 1 error, 0 left on base; Beloit 1 - Lake County 0 |
BOTTOM OF THE 7TH |
Lake County Captains batting - Pitching for Beloit Snappers : LHP Shane Stratton
|
Now at 3B: Robert Santiago
|
|
Now at SS: Jose Marquez
|
|
Batting: RHB Willie Gonzales
|
0-0: Ball 1-0: Ball 2-0: Called Strike 2-1: Foul Ball, location: 2F 2-2: Ball 3-2: SINGLE (Groundball, 56, EV 97.5 MPH)
|
Pitching: LHP Jimmy Ford
|
|
Batting: LHB Devon Grant
|
0-0: Sac Bunt to 15S - play at first, batter OUT! 1-3 Willie Gonzales to second
|
Batting: RHB Ricky Cordova
|
0-0: Called Strike 0-1: Swinging Strike 0-2: Ball 1-2: Ball 2-2: Ball 3-2: Strikes out swinging
|
Batting: LHB John Holst
|
0-0: Ball 1-0: Foul Ball, location: 2F 1-1: Ball 2-1: Foul Ball, location: 2F 2-2: Fly out, F8 (Flyball, 8RD, EV 83.8 MPH)
|
Bottom of the 7th over - 0 runs, 1 hit, 0 errors, 1 left on base; Beloit 1 - Lake County 0 |
TOP OF THE 8TH |
Beloit Snappers batting - Pitching for Lake County Captains : RHP En-guo Tsu
|
Batting: SHB Mike Jorgenson
|
0-0: Foul Ball, location: 2F 0-1: Called Strike 0-2: Ball 1-2: Ball 2-2: SINGLE (Line Drive, 56D, EV 93.8 MPH)
|
Pitching: LHP Josh Black
|
|
Batting: RHB Todd Vanasco
|
0-0: Called Strike 0-1: Bunt missed! 0-2: Foul Ball, location: 2F 0-2: Ball 1-2: Ball 2-2: Ball 3-2: Base on Balls Mike Jorgenson to second
|
Batting: RHB Hidetada Iba
|
0-0: Foul Ball, location: 2F 0-1: SINGLE (Groundball, 6MD, EV 95.6 MPH) Mike Jorgenson to third Todd Vanasco to second
|
Batting: SHB Robert Santiago
|
0-0: Foul Ball, location: 2F 0-1: Called Strike 0-2: Ball 1-2: Ball 2-2: Fly out, F8 (Flyball, 8LD, EV 105.6 MPH) Runner from 3rd tags up, OUT at HOME! 8-2 Todd Vanasco to third Hidetada Iba to second
|
Batting: LHB Angel Sanchez
|
0-0: Called Strike 0-1: Swinging Strike 0-2: Strikes out swinging
|
Top of the 8th over - 0 runs, 2 hits, 0 errors, 2 left on base; Beloit 1 - Lake County 0 |
BOTTOM OF THE 8TH |
Lake County Captains batting - Pitching for Beloit Snappers : LHP Jimmy Ford
|
Pitching: RHP C.J. Ledger
|
|
Batting: RHB Anibal Casteles
|
0-0: Called Strike 0-1: Foul Ball, location: 2F 0-2: Strikes out swinging
|
Batting: RHB Kenzo Shinoda
|
0-0: Ball 1-0: Ball 2-0: Ball 3-0: Called Strike 3-1: Base on Balls
|
Batting: RHB Jeremy Givens
|
0-0: DOUBLE (Line Drive, 78XD, EV 105.0 MPH) Kenzo Shinoda to third
|
Pitching: LHP Jin-ho Koo
|
|
Batting: LHB Alberto Chavez
|
0-0: Ball Wild Pitch! Kenzo Shinoda scores Jeremy Givens to third 1-0: Ball 2-0: Called Strike 2-1: Ball 3-1: Called Strike 3-2: Foul Ball, location: 2F 3-2: Fly out, F7 (Flyball, 7LM, EV 83.1 MPH) Runner from 3rd tags up, OUT at HOME! 7-2
|
Bottom of the 8th over - 1 run, 1 hit, 0 errors, 0 left on base; Beloit 1 - Lake County 1 |
TOP OF THE 9TH |
Beloit Snappers batting - Pitching for Lake County Captains : LHP Josh Black
|
Pitching: RHP Chris Cohen
|
|
Pinch Hitting: SHB John Cummings
|
0-0: Ball 1-0: Foul Ball, location: 2F 1-1: Ground out 4-3 (Groundball, 34, EV 92.5 MPH)
|
Batting: LHB Henry Hutson
|
0-0: Swinging Strike 0-1: Swinging Strike 0-2: Strikes out swinging
|
Batting: RHB Casey Nicita
|
0-0: Called Strike 0-1: Called Strike 0-2: Strikes out looking
|
Top of the 9th over - 0 runs, 0 hits, 0 errors, 0 left on base; Beloit 1 - Lake County 1 |
BOTTOM OF THE 9TH |
Lake County Captains batting - Pitching for Beloit Snappers : LHP Jin-ho Koo
|
Now at SS: Larry Clark
|
|
Batting: RHB Chris Rosinsky
|
0-0: Called Strike 0-1: Foul Ball, location: 2F 0-2: Ball 1-2: Ball 2-2: Strikes out swinging
|
Pitching: RHP Jonathan Colyer
|
|
Batting: RHB Willie Gonzales
|
0-0: Ball 1-0: SINGLE (Groundball, 13S, EV 66.2 MPH) (infield hit)
|
Batting: LHB Devon Grant
|
0-0: Ball 1-0: Ball 2-0: Ball 3-0: Called Strike 3-1: Bunt missed! 3-2: Ground out 4-3 (Groundball, 34, EV 101.9 MPH) Willie Gonzales to second
|
Batting: RHB Ricky Cordova
|
0-0: Ball 1-0: Foul Ball, location: 2F 1-1: Called Strike 1-2: SINGLE (Groundball, 56D, EV 98.1 MPH) Willie Gonzales to third Runner from 3rd tries for Home, throw by LF and OUT! 7-2
|
Bottom of the 9th over - 0 runs, 2 hits, 0 errors, 1 left on base; Beloit 1 - Lake County 1 |
TOP OF THE 10TH |
Beloit Snappers batting - Pitching for Lake County Captains : RHP Chris Cohen
|
Batting: RHB Josh Whaley
|
0-0: Ball 1-0: Foul Ball, location: 2F 1-1: Ball 2-1: Ground out 6-3 (Groundball, 6, EV 85.6 MPH)
|
Batting: SHB Mike Jorgenson
|
0-0: Called Strike 0-1: Called Strike 0-2: Strikes out swinging
|
Batting: RHB Todd Vanasco
|
0-0: Called Strike 0-1: Swinging Strike 0-2: Strikes out swinging
|
Top of the 10th over - 0 runs, 0 hits, 0 errors, 0 left on base; Beloit 1 - Lake County 1 |
BOTTOM OF THE 10TH |
Lake County Captains batting - Pitching for Beloit Snappers : RHP Jonathan Colyer
|
Pitching: RHP Alec Bassett
|
|
Batting: LHB John Holst
|
0-0: Ball 1-0: SOLO HOME RUN (Flyball, 9D, EV 98.8 MPH), Distance : 374 ft
|
Bottom of the 10th over - 1 run, 1 hit, 0 errors, 0 left on base; Beloit 1 - Lake County 2 |
|